 Dungeon Crawl Stone Soup version 0.27-a0-32-g443bf2d2ca (webtiles) character file.

Game seed: 750770081306484464

63 DocSulfur the Sneak (level 4, 0/24 HPs)
             Began as a Kobold Enchanter on Jan 4, 2021.
             Slain by an adder (1 damage)
             ... on level 2 of the Dungeon.
             The game lasted 00:06:11 (2730 turns).

DocSulfur the Sneak (Kobold Enchanter)              Turns: 2730, Time: 00:06:11

Health: 0/24       AC:  3    Str:  5    XL:     4   Next: 30%
Magic:  4/7        EV: 15    Int: 16    God:
Gold:   88         SH:  0    Dex: 16    Spells: 2/8 levels left

rFire    + . .     SeeInvis .   a - +1 dagger
rCold    x . .     Faith    .   (shield restricted)
rNeg     . . .     Spirit   .   b - +0 robe
rPois    .         Reflect  .   (no helmet)
rElec    .         Harm     .   (no cloak)
rCorr    .         Rampage  .   (no gloves)
Will     .....                  k - +0 pair of boots
Stlth    ++++......             (no amulet)
HPRegen  0.08/turn              l - ring of fire
MPRegen  0.10/turn              (no ring)

@: lethally poisoned (0 -> -12)
A: small, nightstalker 3
a: no special abilities


You were on level 2 of the Dungeon.
You visited 1 branch of the dungeon, and saw 3 of its levels.

You collected 88 gold pieces.

Inventory:

Hand Weapons
 a - a +1 dagger (weapon)
Armour
 b - a +0 robe (worn)
 k - a +0 pair of boots (worn)
Jewellery
 l - a ring of fire (left hand)
Scrolls
 c - 4 scrolls of identify {unknown}
 d - 3 scrolls of teleportation {unknown}
 g - a scroll of fog {unknown}
 j - a scroll of random uselessness {unknown}
 m - a scroll of immolation {unknown}
 q - a scroll of enchant weapon {unknown}
Potions
 e - 2 potions of flight {unknown}
 f - a potion of degeneration {unknown}
 h - a potion of resistance {unknown}
 i - a potion of mutation {unknown}
 n - 2 potions of haste {unknown}
 o - a potion of might {unknown}
 p - a potion of ambrosia {unknown}
 r - a potion of magic {unknown}
 s - a potion of lignification {unknown}


   Skills:
 * Level 3.1 Short Blades
 - Level 2.4 Dodging
 + Level 4.5 Stealth
 + Level 2.6 Spellcasting
 + Level 3.3 Hexes
 + Level 1.2 Ice Magic


You had 2 spell levels left.
You knew the following spells:

 Your Spells              Type           Power        Failure   Level
a - Corona                Hex            13%          4%          1
b - Ensorcelled Hibernat  Hex/Ice        18%          12%         2
c - Confusing Touch       Hex            12%          16%         3

Your spell library contained the following spells:

 Spells                   Type           Power        Failure   Level
 Tukima's Dance           Hex            12%          16%         3
 Dazzling Flash           Conj/Hex       14%          30%         3


Dungeon Overview and Level Annotations

Branches:
Dungeon (3/15)

Altars:
Nemelex Xobeh


Innate Abilities, Weirdness & Mutations

You are small and have problems with some larger weapons.
You are completely attuned to the shadows.


Message History

You hit the adder but do no damage. The adder completely misses you.
The frilled lizard bites you but does no damage.
You hit the adder but do no damage. The adder bites you.
You are lethally poisoned!
The adder poisons you!
The frilled lizard completely misses you.
You barely miss the adder.
You feel sick. The adder completely misses you.
The frilled lizard bites you but does no damage.
The adder bites you.
* * * LOW HITPOINT WARNING * * *
You are more poisoned.
The adder poisons you!
You hit the adder but do no damage.
* * * LOW HITPOINT WARNING * * *
You feel sick. The adder misses you.
The frilled lizard bites you but does no damage.
You hit the adder but do no damage.
The adder appears confused.
* * * LOW HITPOINT WARNING * * *
You feel sick. The adder bites you.
You die...

# #.# #.# #.# # #.# #.# #.# # #.#
#.# #<# # #.# #.# #.# # #.#
####.# #.# # #.###....# #.# #
#.##.....## #.# #
#.#.......################.# #
#.#.[.....l@)..............#
######...........S....^.......###
.........[....###############....
##########...## #####
##########.### ...........#
############


You could see an adder (confused) and a frilled lizard.

Vanquished Creatures
  An adder (D:2)
  2 oozes (D:2)
  A dart slug (D:1)
  A leopard gecko (D:1)
  An orc (D:2)
  A ball python (D:2)
  2 giant cockroaches (D:1)
  7 goblins
  5 hobgoblins
  2 jackals (D:1)
  6 bats
  5 frilled lizards
  4 kobolds
  A rat (D:3)
39 creatures vanquished.

Vanquished Creatures (others)
  A giant cockroach (D:3)
1 creature vanquished.

Grand Total: 40 creatures vanquished

Notes
Turn   | Place    | Note
-------+----------+-------------------------------------------
     0 | D:1      | DocSulfur the Kobold Enchanter began the quest for the Orb.
     0 | D:1      | Reached XP level 1. HP: 10/10 MP: 3/3
   215 | D:1      | Reached XP level 2. HP: 15/15 MP: 5/5
  1076 | D:1      | Reached XP level 3. HP: 15/19 MP: 3/6
  1427 | D:2      | Reached skill level 1 in Ice Magic
  1430 | D:2      | Learned a level 2 spell: Ensorcelled Hibernation
  1434 | D:2      | Learned a level 3 spell: Confusing Touch
  1964 | D:2      | Reached XP level 4. HP: 24/24 MP: 7/7
  2554 | D:3      | Found a sparkling altar of Nemelex Xobeh.
  2730 | D:2      | HP: 1/24 [poisoned by an adder]
  2730 | D:2      | Slain by an adder

Illustrated notes

Levels and vault maps discovered:
D:1:      lightli_arrival_maybe_door_vault, layout_rooms, st_stairs_12
D:2:      layout_loops_ring
D:3:      layout_rooms, nemelex_altar_shiori, solitary_fountain,
          elyvilon_altar_4, uniq_crazy_yiuf_cottage, uniq_jessica

Skill      XL: |  1  2  3 |
---------------+----------+-----
Short Blades   | 2 3 |  3.1
Ice Magic      | 1 |  1.2
Dodging        | |  2.4
Stealth        | |  4.5
Spellcasting   | |  2.6
Hexes          | |  3.3

Action                   |  1- 3 |  4- 6 || total
-------------------------+-------+-------++-------
Melee: Dagger            |   131 |    46 ||   177
 Cast: Corona            |    20 |     6 ||    26
       Confusing Touch   |       |     1 ||     1
       Ensorcelled Hiber |       |     1 ||     1
 Stab: Sleeping          |    11 |     6 ||    17
Armor: Robe              |    12 |    12 ||    24
Dodge: Dodged            |   107 |    39 ||   146

Table legend: (Time is in decaauts)
 A = Elapsed time spent in this place.
 B = Non-inter-level travel time spent in this place.
 C = Inter-level travel time spent in this place.
 D = Time resting spent in this place.
 E = Time spent auto-exploring this place.
 F = Levels seen in this place.
 G = Mean time per level.
                   A        B        C        D        E       F      G
               +--------+--------+--------+--------+--------+-----+--------+
         Total |   2711 |   2493 |    218 |     39 |   1921 |   3 |  903.7 |
       Dungeon |   2711 |   2493 |    218 |     39 |   1921 |   3 |  903.7 |
               +--------+--------+--------+--------+--------+-----+--------+

Top non-repeatable levels by time:
     D:1: 1366 daAuts
     D:2: 1188 daAuts
     D:3: 156 daAuts
